 Dungeon Crawl Stone Soup version 0.26.0-16-gc1dbca0489 (webtiles) character file.

Game seed: 4183044547520721569

198 kaeus the Firebug (level 5, -5/28 HPs)
             Began as a Gargoyle Fire Elementalist on Jan 22, 2021.
             Splashed by Ijyb's acid (10 damage)
             ... on level 3 of the Dungeon.
             The game lasted 00:01:43 (5108 turns).

kaeus the Firebug (Gargoyle Fire Elementalist)      Turns: 5108, Time: 00:01:44

Health: -5/28      AC:  2    Str: 11    XL:     5   Next: 77%
Magic:  4/10       EV: 12    Int: 17    God:
Gold:   150        SH:  0    Dex: 10    Spells: 9/10 levels left

rFire    . . .     SeeInvis .   f - +0 short sword
rCold    . . .     Faith    .   (no shield)
rNeg     + . .     Spirit   .   a - +0 robe
rPois    ∞         Reflect  .   (no helmet)
rElec    +         Harm     .   (no cloak)
rCorr    .         Rampage  .   (no gloves)
Will     .....                  (no boots)
Stlth    ++........             (no amulet)
HPRegen  0.09/turn              (no ring)
MPRegen  0.12/turn              (no ring)

@: corroded
A: negative energy resistance 1, electricity resistance, unbreathing,
petrification resistance, miasma immunity, AC +4
a: no special abilities


You were on level 3 of the Dungeon.
You visited 1 branch of the dungeon, and saw 3 of its levels.

You collected 150 gold pieces.

Inventory:

Hand Weapons
 f - a +0 short sword (weapon)
Armour
 a - a +0 robe (worn)
Jewellery
 k - an uncursed ring of stealth {unknown}
 l - a +6 ring of dexterity {unknown}
Scrolls
 b - 4 scrolls of identify {unknown}
 c - 2 scrolls of magic mapping {unknown}
 d - 2 scrolls of enchant weapon {unknown}
 h - 3 scrolls of remove curse {unknown}
 m - a scroll of teleportation {unknown}
Potions
 e - 4 potions of curing {unknown}
 g - a potion of degeneration {unknown}
 i - a potion of attraction {unknown}
 j - a potion of mutation {unknown}


   Skills:
 - Level 1.6 Dodging
 - Level 2.2 Stealth
 + Level 3.4 Spellcasting
 + Level 3.4 Conjurations
 + Level 4.3 Fire Magic


You had 9 spell levels left.
You knew the following spells:

 Your Spells              Type           Power        Failure   Level
a - Foxfire               Conj/Fire      64%          3%          1

Your spell library contained the following spells:

 Spells                   Type           Power        Failure   Level
 Conjure Flame            Conj/Fire      16%          11%         3
 Animate Skeleton         Necr           4%           17%         1
 Apportation              Tloc           4%           17%         1
 Corona                   Hex            2%           17%         1
 Summon Small Mammal      Summ           8%           17%         1
 Inner Flame              Hex/Fire       10%          21%         3
 Sticky Flame             Conj/Fire      16%          34%         4
 Fireball                 Conj/Fire      8%           67%         5


Dungeon Overview and Level Annotations

Branches:
Dungeon (3/15)

Altars:
Xom

Annotations:
D:3 Ijyb


Innate Abilities, Weirdness & Mutations

You are resistant to torment.
Your stone body is resilient. (AC +4)
You are immune to poison.
You resist negative energy. (rN+)
You are resistant to electric shocks. (rElec)
You can survive without breathing.
You are immune to petrification.
You are immune to miasma.


Message History

The foxfire hits Ijyb.
Ijyb is heavily wounded.
You now have 4/10 mp.
Ijyb is nearby!
You miss Ijyb.
Ijyb is heavily wounded.
The foxfire hits Ijyb but does no damage.
Ijyb is heavily wounded.
The foxfire hits Ijyb.
Ijyb is severely wounded.
Ijyb screams, "I cut your head off!" Ijyb closely misses you.
Ijyb is nearby!
You hit Ijyb but do no damage.
Ijyb is severely wounded.
Ijyb zaps a wand.
The bolt of acid hits you!!
Ouch! That really hurt!
* * * LOW HITPOINT WARNING * * *
The acid corrodes you!
You are splashed with acid!
You die...

#.#### #..... ###...
####... #...... .
#...... #.############
#....##
##......§.....####....##
......g@§...............
.[........).............
###########†#.##########
#.............
#####.#.##########
#.......).)....# #
#.###.#.######.# # #.#.#
#.# # #.#.# #.###


You could see Ijyb.

Vanquished Creatures
  Natasha (thrice) (D:2)
  4 adders
  3 oozes
  5 worms
  2 dart slugs
  A leopard gecko (D:3)
  An orc (D:3)
  2 giant cockroaches
  6 goblins
  6 hobgoblins
  3 jackals (D:3)
  7 kobolds
  9 bats
  5 rats
57 creatures vanquished.

Vanquished Creatures (others)
  211 foxfires
211 creatures vanquished.

Grand Total: 268 creatures vanquished

Notes
Turn   | Place    | Note
-------+----------+-------------------------------------------
     0 | D:1      | kaeus the Gargoyle Fire Elementalist began the quest for
                  | the Orb.
     0 | D:1      | Reached XP level 1. HP: 10/10 MP: 3/3
   297 | D:1      | Reached XP level 2. HP: 15/15 MP: 0/5
   392 | D:1      | Found a shimmering altar of Xom.
   749 | D:1      | Reached XP level 3. HP: 19/19 MP: 1/6
  1524 | D:2      | Noticed Natasha
  1530 | D:2      | Killed Natasha
  1531 | D:2      | Reached XP level 4. HP: 24/24 MP: 0/8
  1621 | D:2      | Noticed Natasha
  1633 | D:2      | Killed Natasha
  1831 | D:2      | Reached skill level 4 in Fire Magic
  1831 | D:2      | Reached XP level 5. HP: 28/28 MP: 1/9
  3990 | D:2      | Noticed Natasha
  4000 | D:2      | Killed Natasha
  5100 | D:3      | Noticed Ijyb
  5108 | D:3      | Splashed by Ijyb's acid

Illustrated notes

Levels and vault maps discovered:
D:1:      minmay_arrival_open_corners, layout_basic, xom_teletrap_fun
D:2:      layout_loops_cross, minmay_tetromino_s2, uniq_natasha
D:3:      layout_basic, nicolae_ru_great_annihilating_truth, uniq_ijyb

Skill      XL: |  1  2  3  4 |
---------------+-------------+-----
Conjurations   | 2 3 |  3.4
Spellcasting   | 3 |  3.4
Fire Magic     | 4 |  4.3
Dodging        | |  1.6
Stealth        | |  2.2

Action                   |  1- 3 |  4- 6 || total
-------------------------+-------+-------++-------
Melee: Short sword       |    27 |    76 ||   103
       Unarmed           |     1 |       ||     1
 Cast: Foxfire           |    86 |    82 ||   168
Armor: Robe              |     5 |    25 ||    30
Dodge: Dodged            |    14 |    30 ||    44
